 Dungeon Sprint DCSS version 0.23.1 (webtiles) character file.

Game seed: 2718967294766315570

655815 nuthulu the Wrestler (level 22, 135/235 HPs)
             Began as a Troll Monk on Mar 5, 2019.
             Was the Champion of Qazlal.
             Escaped with the Orb!
             The game lasted 00:32:26 (4873 turns).

nuthulu the Wrestler (Troll Monk)                   Turns: 4873, Time: 00:32:26

Health: 135/235    AC: 42    Str: 32    XL:     22   Next: 80%
Magic:  42/42      EV: 19    Int:  5    God:    Qazlal [******]
Gold:   9883       SH: 27    Dex: 24    Spells: 21/21 levels left

rFire    + + +     SeeInvis .     - Unarmed
rCold    + + +     Gourm    +   u - +4 shield "Ysmacimp" {rPois rC+ rN+ Int-3}
rNeg     + + +     Faith    .   a - +12 gold dragon scales
rPois    +         Spirit   .   r - +1 hat of Integrity {rF+}
rElec    .         Reflect  .   q - +0 cloak of Beauty {-Cast rF+ rC+ Int+2 Dex+6}
rCorr    .         Harm     .   (gloves unavailable)
MR       +++..     Clarity  +   (boots unavailable) Stlth ..........NoTele +
                                m - amulet "Hyufaha" {RegenMP rN+ Dex+4}
HPRegen  0.89/turn NoCast   +   n - ring of Beogh's Hatred {MP+9 Dex+2 Stlth-}
MPRegen  0.53/turn              C - ring "Cofurr" {rN+ EV-2 Slay+3} (curse)

@: protected from fire, studying Poison Magic, repel missiles
A: large, unfitting armour, claws 3, horns 1, clarity, cold resistance 1, fire
resistance 1, fast metabolism 3, frail 1, gourmand, low mp 1, magic resistance
2, regeneration 1, shaggy fur 1, tough skin 3, subdued magic 1
0: Orb of Zot
}: 5/15 runes: decaying, slimy, silver, gossamer, mossy
a: Upheaval, Elemental Force, Disaster Area, Renounce Religion


You escaped.
You worshipped Qazlal.
Qazlal was exalted by your worship.
You were not hungry.

You visited 1 branch You collected 19000 gold pieces.
You spent 9117 gold pieces at shops.

Inventory:

Armour
 a - +12 gold dragon scales (worn)
 p - the +2 robe of the Swan {rN+}
   (You bought it in a shop in the Dungeon)

   It protects you from negative energy.
 q - the +0 cloak of Beauty (worn) {-Cast rF+ rC+ Int+2 Dex+6}
   (You bought it in a shop in the Dungeon)

   It affects your intelligence (+2).
   It affects your dexterity (+6).
   It protects you from fire.
   It protects you from cold.
   It prevents spellcasting.
 r - the +1 hat of Integrity (worn) {rF+}
   (You bought it in a shop in the Dungeon)

   It protects you from fire.
 u - the +4 shield "Ysmacimp" (worn) {rPois rC+ rN+ Int-3}
   (You bought it in a shop in the Dungeon)

   It affects your intelligence (-3).
   It protects you from cold.
   It protects you from poison.
   It protects you from negative energy.
 E - the +2 cloak of Vanity {+Inv rPois rCorr Dex-4}
   (You bought it in a shop in the Dungeon)

   It affects your dexterity (-4).
   It protects you from poison.
   It lets you turn invisible.
   It provides partial protection from all sources of acid and corrosion.
Jewellery
 m - the amulet "Hyufaha" (around neck) {RegenMP rN+ Dex+4}
   (You bought it in a shop in the Dungeon)

   [amulet of magic regeneration]

   It increases your magic regeneration.
   It affects your dexterity (+4).
   It protects you from negative energy.
 n - the ring of Beogh's Hatred (left claw) {MP+9 Dex+2 Stlth-}
   (You bought it in a shop in the Dungeon)

   [ring of attention]

   It affects your dexterity (+2).
   It affects your magic capacity (+9).
   It makes you less stealthy.
 o - the ring "Ejiqiac" {rN+ Int-3 Slay+2 Stlth-}
   (You bought it in a shop in the Dungeon)

   [ring of attention]

   It affects your intelligence (-3).
   It affects your accuracy and damage with ranged weapons and melee attacks
   (+2).
   It protects you from negative energy.
   It makes you less stealthy.
 x - the ring "Yfait" {Str+7 Int-4 Stlth+}
   (You found it in the Dungeon)

   [ring of stealth]

   It affects your strength (+7).
   It affects your intelligence (-4).
   It makes you more stealthy.
 y - the ring "Tianuamary" {rElec MR+}
   (You bought it in a shop in the Dungeon)

   [ring of protection from magic]

   It insulates you from electricity.
   It affects your resistance to hostile enchantments.
 z - the ring of the Fool {+Inv rC+ EV+2 Dex+3}
   (You bought it in a shop in the Dungeon)

   [ring of evasion]

   It affects your evasion (+2).
   It affects your dexterity (+3).
   It protects you from cold.
   It lets you turn invisible.
 A - the cursed ring of Aviklu {rPois rF- rN+ Str-4 Dex+5}
   (You bought it in a shop in the Dungeon)

   [ring of strength]

   It affects your strength (-4).
   It affects your dexterity (+5).
   It makes you vulnerable to fire.
   It protects you from poison.
   It protects you from negative energy.
   It has a curse placed upon it.
 B - the ring of Peace {rElec Str+7 Stlth-}
   (You bought it in a shop in the Dungeon)

   [ring of attention]

   It affects your strength (+7).
   It insulates you from electricity.
   It makes you less stealthy.
 C - the cursed ring "Cofurr" (right claw) {rN+ EV-2 Slay+3}
   (You bought it in a shop in the Dungeon)

   [ring of evasion]

   It affects your evasion (-2).
   It affects your accuracy and damage with ranged weapons and melee attacks
   (+3).
   It protects you from negative energy.
   It has a curse placed upon it.
Wands
 i - a wand of acid (5)
 j - a wand of iceblast (5)
 F - a wand of scattershot (5)
Scrolls
 h - 9 scrolls of blinking
 k - 3 scrolls of fog
 v - a scroll of identify
 D - 4 scrolls of enchant armour
Potions
 c - a potion of curing
 d - 20 potions of heal wounds
 e - 5 potions of haste
 f - 8 potions of magic
 g - a potion of berserk rage
 l - a potion of resistance
 s - 2 potions of might
 G - a potion of mutation
Books
 t - a manual of Poison Magic
Miscellaneous
 w - a quad damage
Comestibles
 b - a ration


   Skills:
 + Level 24.1 Fighting
 + Level 21.2 Armour
 + Level 22.3 Dodging
 - Level 1.0 Stealth
 - Level 14.9 Shields
 + Level 25.7 Unarmed Combat
 + Level 24.7 Invocations


You had 21 spell levels left.
You didn't know any spells.
Your spell library was empty.

Dungeon Overview and Level Annotations

Branches:
Dungeon (1/1)

Altars:
Cheibriados
Dithmenos
Fedhas
Gozag
Kikubaaqudgha
Makhleb
Okawaru
Qazlal
Ru
Sif Muna
Trog
Uskayaw
Vehumet
Wu Jian
Xom
Yredelemnul
Zin
The Shining One
Beogh
Jiyva
Lugonu

Shops:
D *[%??*?*:[((!!!!


Innate Abilities, Weirdness & Mutations

You are too large for most types of armour.
You have claws for hands.
Your metabolism is lightning-fast.
You like to eat raw meat.
Your natural rate of healing is unusually fast.
You are covered in fur. (AC +1)
You have extremely tough skin. (AC +3)
You have a pair of small horns on your head.
You possess an exceptional clarity of mind.
Your flesh is cold resistant. (rC+)
Your flesh is heat resistant. (rF+)
You are frail. (-10% HP)
Your magical capacity is low. (-10% MP)
You are highly resistant to hostile enchantments. (MR++)
Your spells are a little easier to cast, but a little less powerful.


Message History

The Orb Guardian is lightly wounded.
You block the Orb Guardian's attack.
Your gold dragon scales prevents you from hitting the Orb Guardian.
Your headbutt misses the Orb Guardian.
The Orb Guardian is lightly wounded.
You eviscerate the Orb Guardian!!!!
You kill the Orb Guardian!
Qazlal accepts your kill.
The Orb of Zot has appeared in the centre of the arena!
Victory!
Score multiplier: 33x You now have 131163 arena points (gained 17820).
Your protection from fire is fading.
You now have 9883 gold pieces (gained 1350).
There is a staircase leading out of the dungeon here.
Items here: ))) 0 [ † You pick up the Orb of Zot!
The Orb lets out a hideous shriek!
The lords of Pandemonium are not amused.
Beware!
Now all you have to do is get back out of the dungeon!
You have escaped!

#_.....(._# ###..[......###
#[.[[...[....)#
######.8.........8.######
##∩___......###(.....___∩##
###∩....))..8.# #†8.)......∩###
##......[..≈...###[...[........##
#⌠..(.[....)###.[.###..........⌠#
#⌠....([.[..# #[@.# #..........⌠#
#⌠...[.[..[.###[○.###...†......⌠#
##..[÷..[....).###.............##
###∩...)....8[# #)8).......∩###
##∩___......###...)..___∩##
######.8.......[.8[######
#)[)........†[# ###)..))))..###
#_......._#


There were no monsters in sight!

Vanquished Creatures
  A vault guard (D)
  Ignacio (D)
  3 orbs of fire (D)
  Tiamat (D)
  Agnes (D)
  2 Killer Klowns (D)
  Xtahua (D)
  A great orb of eyes (D)
  8 golden dragons (D)
  6 Brimstone Fiends (D)
  Nellie (D)
  An electric golem (D)
  10 Orb Guardians (D)
  2 quicksilver dragons (D)
  A sphinx (D)
  11 Executioners (D)
  3 shadow dragons (D)
  6 storm dragons (D)
  5 fire giants (D)
  An orc warlord (D)
  2 iron dragons (D)
  2 balrugs (D)
  A stone giant (D)
  5 reapers (D)
  A lorocyproca (D)
  An ettin (D)
  A jumping spider (D)
  A mummy priest (D)
  A green death (D)
  A blizzard demon (D)
  A fire dragon (D)
  Josephine (D)
  3 ogre magi (D)
  A wizard (D)
  11 ice dragons (D)
  An iron elemental (D)
  A vampire mage (D)
  4 iron golems (D)
  3 hell hogs (D)
  An orc high priest (D)
  2 soul eaters (D)
  2 sun demons (D)
  2 fire crabs (D)
  A skeletal warrior (D)
  2 iron trolls (D)
  2 flayed ghosts (D)
  An ironbrand convoker (D)
  4 orc knights (D)
  A necromancer (D)
  An oklob plant (D)
  An orc sorcerer (D)
  11 orb spiders (D)
  12 shining eyes (D)
  3 moths of wrath (D)
  6 naga magi (D)
  6 rust devils (D)
  3 hellions (D)
  An ice devil (D)
  2 tormentors (D)
  2 demonic crawlers (D)
  An efreet (D)
  A silent spectre (D)
  4 guardian mummies (D)
  A troll (D)
  A red devil (D)
  A dream sheep (D)
  A slime creature (D)
  A tarantella (D)
  A yak (D)
  3 fire elementals (D)
  13 neqoxecs (D)
  A warg (D)
  A hell hound (D)
  2 orc warriors (D)
  A phantom (D)
  A necrophage (D)
  An ogre (D)
  A crocodile (D)
  2 earth elementals (D)
  18 killer bees (D)
  3 wights (D)
  A jelly (D)
  An orc wizard (D)
  A hell rat (D)
  5 mummies (D)
  A river rat (D)
  4 oozes (D)
  A spectral adder (D)
  2 adder zombies (D)
  A spectral bat (D)
  A bat skeleton (D)
  A bat zombie (D)
  A ball python zombie (D)
  A spectral leopard gecko (D)
  2 fire vortices (D)
256 creatures vanquished.

Vanquished Creatures (collateral kills)
  A storm dragon (D)
  An iron dragon (D)
  A very ugly thing (D)
  A komodo dragon (D)
  A wraith (D)
  3 neqoxecs (D)
  A river rat (D)
9 creatures vanquished.

Grand Total: 265 creatures vanquished

Notes
Turn   | Place    | Note
-------+----------+-------------------------------------------
     0 | D        | nuthulu the Troll Monk began the quest for the Orb.
     0 | D        | Reached XP level 1. HP: 22/22 MP: 0/0
     1 | D        | Found a shadowy altar of Dithmenos.
     1 | D        | Found a viscous altar of Jiyva.
     2 | D        | Found a roughly hewn altar of Beogh.
     2 | D        | Found a deep blue altar of Sif Muna.
     3 | D        | Found a bloodstained altar of Trog.
     3 | D        | Found a basalt altar of Yredelemnul.
     4 | D        | Found Diteam's Do-It-Yourself Clinic.
     4 | D        | Found a snail-covered altar of Cheibriados.
     4 | D        | Found a shimmering altar of Xom.
     4 | D        | Found Heukomye's Distillery.
     5 | D        | Found Muebae Jejo's Bottled Wisdom.
     5 | D        | Found Qosasm's Distillery.
     5 | D        | Round 1.
     9 | D        | Found a radiant altar of Vehumet.
    11 | D        | Found a corrupted altar of Lugonu.
    12 | D        | Found a glowing golden altar of the Shining One.
    12 | D        | Found an opulent altar of Gozag.
    12 | D        | Found Ocajamp's Staff Store.
    12 | D        | Found Heiclych's Magic Scroll Shop.
    13 | D        | Found Musm's Must-Have Magic.
    13 | D        | Found Goqu's Magic Scroll Shop.
    18 | D        | Found a glowing silver altar of Zin.
    19 | D        | Found a blossoming altar of Fedhas.
    20 | D        | Found a burning altar of Makhleb.
    21 | D        | Found Silen's Delicious Food.
    22 | D        | Found Iheluat's Jewellery.
    22 | D        | Found Pymmev's Advanced Armour.
    23 | D        | Found an ornate altar of the Wu Jian Council.
    23 | D        | Found a hide-covered altar of Uskayaw.
    23 | D        | Found an ancient bone altar of Kikubaaqudgha.
    23 | D        | Found Qurumyurch's Identification Station.
    27 | D        | Found a sacrificial altar of Ru.
    28 | D        | Found an iron altar of Okawaru.
    30 | D        | Found a stormy altar of Qazlal.
    30 | D        | Found Sogatott's Premium Goods.
    30 | D        | Found Feonofod's Weapon Rack.
    31 | D        | Found Tocal's Miscellaneous Merchandise.
    31 | D        | Found Xavvet's Basic Armour.
    40 | D        | Became a worshipper of Qazlal Stormbringer
    40 | D        | Reached * piety under Qazlal
    40 | D        | Reached ** piety under Qazlal
    80 | D        | Bought a pitted zirconium amulet for 45 gold pieces
    80 | D        | Bought a scintillating bone ring for 45 gold pieces
    80 | D        | Bought a bound bone ring for 45 gold pieces
    80 | D        | Identified the amulet "Hyufaha" {RegenMP rN+ Dex+4} (You
                  | bought it in a shop in the Dungeon)
    81 | D        | Identified the ring of Beogh's Hatred {MP+9 Dex+2 Stlth-}
                  | (You bought it in a shop in the Dungeon)
    82 | D        | Identified the ring "Ejiqiac" {rN+ Int-3 Slay+2 Stlth-}
                  | (You bought it in a shop in the Dungeon)
   142 | D        | Reached XP level 2. HP: 31/31 MP: 1/1
   149 | D        | Reached *** piety under Qazlal
   149 | D        | Arena points: 12 (+12) [x2]
   201 | D        | Round 2.
   209 | D        | Reached skill level 4 in Unarmed Combat
   223 | D        | Reached skill level 1 in Invocations
   229 | D        | Reached **** piety under Qazlal
   229 | D        | Reached XP level 3. HP: 39/39 MP: 3/3
   234 | D        | Arena points: 48 (+36) [x3]
   280 | D        | Round 3.
   291 | D        | Reached skill level 5 in Fighting
   291 | D        | Reached skill level 5 in Unarmed Combat
   291 | D        | Reached XP level 4. HP: 50/50 MP: 5/5
   300 | D        | Noticed a wraith
   301 | D        | Reached ***** piety under Qazlal
   303 | D        | Reached XP level 5. HP: 49/59 MP: 6/6
   310 | D        | Killed a wraith
   310 | D        | Reached skill level 5 in Dodging
   310 | D        | Reached skill level 6 in Unarmed Combat
   349 | D        | Arena points: 132 (+84) [x4]
   357 | D        | Bought an ichor-stained robe for 199 gold pieces
   367 | D        | Identified the +2 robe of the Swan {rN+} (You bought it in
                  | a shop in the Dungeon)
   413 | D        | Round 4.
   420 | D        | Noticed a dream sheep
   421 | D        | Noticed a komodo dragon
   430 | D        | Killed a dream sheep
   430 | D        | Reached skill level 7 in Unarmed Combat
   430 | D        | Reached skill level 5 in Invocations
   430 | D        | Reached XP level 6. HP: 64/72 MP: 9/9
   440 | D        | Killed a komodo dragon
   440 | D        | Reached XP level 7. HP: 28/81 MP: 10/10
   511 | D        | Noticed a yak
   521 | D        | Killed a yak
   521 | D        | Reached skill level 8 in Unarmed Combat
   540 | D        | Arena points: 292 (+160) [x5]
   576 | D        | Round 5.
   576 | D        | Noticed a witch
   586 | D        | Noticed a four-headed hydra
   590 | D        | Noticed a four-headed hydra
   597 | D        | Killed a witch
   597 | D        | Arena points: 572 (+280) [x7]
   597 | D        | Reached skill level 10 in Fighting
   597 | D        | Reached skill level 9 in Unarmed Combat
   597 | D        | Reached XP level 8. HP: 38/94 MP: 12/12
   600 | D        | Got a decaying rune of Zot
   602 | D        | Reached XP level 9. HP: 44/102 MP: 15/15
   619 | D        | Bought a translucent hat for 315 gold pieces
   624 | D        | Identified the +1 hat of Integrity {rF+} (You bought it in
                  | a shop in the Dungeon)
   792 | D        | Round 6.
   792 | D        | Noticed Josephine
   796 | D        | Noticed a flayed ghost
   801 | D        | Killed Josephine
   801 | D        | Reached skill level 10 in Unarmed Combat
   801 | D        | Reached skill level 10 in Invocations
   806 | D        | Killed a flayed ghost
   806 | D        | Reached XP level 10. HP: 112/118 MP: 16/16
   825 | D        | Noticed a flayed ghost
   831 | D        | Killed a flayed ghost
   860 | D        | Reached ****** piety under Qazlal
   930 | D        | Noticed a skeletal warrior
   939 | D        | Killed a skeletal warrior
   939 | D        | Reached skill level 11 in Unarmed Combat
   951 | D        | Arena points: 1004 (+432) [x8]
   964 | D        | Bought a faintly humming cloak for 332 gold pieces
   969 | D        | Identified the +0 cloak of Beauty {-Cast rF+ rC+ Int+2
                  | Dex+6} (You bought it in a shop in the Dungeon)
   997 | D        | Round 7.
  1129 | D        | Arena points: 1634 (+630) [x9]
  1195 | D        | Round 8.
  1202 | D        | Gained mutation: You occasionally shout uncontrollably at
                  | your foes. [a neqoxec]
  1281 | D        | Gained mutation: Potions are less effective at restoring
                  | your health. [a neqoxec]
  1299 | D        | Gained mutation: You are frail. (-10% HP) [a neqoxec]
  1311 | D        | Bought 2 potions of mutation for 112 gold pieces
  1311 | D        | Lost mutation: You occasionally shout uncontrollably at
                  | your foes. [potion of mutation]
  1311 | D        | Lost mutation: You are frail. (-10% HP) [potion of
                  | mutation]
  1311 | D        | Gained mutation: Armour fits poorly on your strangely
                  | shaped body. [potion of mutation]
  1311 | D        | Gained mutation: Your muscles are strong. (Str +2) [potion
                  | of mutation]
  1311 | D        | Gained mutation: You are resistant to hostile enchantments.
                  | (MR+) [potion of mutation]
  1312 | D        | Lost mutation: Armour fits poorly on your strangely shaped
                  | body. [potion of mutation]
  1312 | D        | Lost mutation: Potions are less effective at restoring your
                  | health. [potion of mutation]
  1312 | D        | Gained mutation: Your flesh is heat resistant. (rF+)
                  | [potion of mutation]
  1312 | D        | Gained mutation: You are highly resistant to hostile
                  | enchantments. (MR++) [potion of mutation]
  1312 | D        | Gained mutation: You are partially covered in rugged brown
                  | scales. (AC +1, +3% HP) [potion of mutation]
  1323 | D        | Arena points: 2274 (+640) [x10]
  1390 | D        | Round 9.
  1515 | D        | Noticed an oklob plant
  1526 | D        | Killed an oklob plant
  1526 | D        | Arena points: 3363 (+1089) [x11]
  1526 | D        | Reached skill level 10 in Dodging
  1526 | D        | Reached XP level 11. HP: 85/134 MP: 19/19
  1531 | D        | Bought +0 gold dragon scales for 960 gold pieces
  1578 | D        | Round 10.
  1649 | D        | Reached skill level 1 in Armour
  1672 | D        | Arena points: 4663 (+1300) [x13]
  1672 | D        | Reached skill level 12 in Unarmed Combat
  1675 | D        | Got a gossamer rune of Zot
  1676 | D        | Reached XP level 12. HP: 86/144 MP: 20/20
  1848 | D        | Bought 2 rations for 40 gold pieces
  1848 | D        | Bought 2 rations for 40 gold pieces
  1848 | D        | Bought 2 rations for 40 gold pieces
  1874 | D        | Round 11.
  1957 | D        | Reached skill level 15 in Fighting
  1957 | D        | Reached skill level 5 in Armour
  1969 | D        | Noticed a mummy priest
  1970 | D        | Noticed a sphinx
  1975 | D        | Noticed a jiangshi
  1980 | D        | Killed a mummy priest
  1982 | D        | Killed a sphinx
  1982 | D        | Arena points: 6511 (+1848) [x14]
  2014 | D        | Bought 3 potions of heal wounds for 105 gold pieces
  2014 | D        | Bought 3 potions of heal wounds for 105 gold pieces
  2021 | D        | Bought 6 potions of might for 168 gold pieces
  2040 | D        | Round 12.
  2046 | D        | Bought a brightly glowing shield for 332 gold pieces
  2047 | D        | Bought 3 scrolls of identify for 150 gold pieces
  2047 | D        | Identified the +4 shield "Ysmacimp" {rPois rC+ rN+ Int-3}
                  | (You bought it in a shop in the Dungeon)
  2076 | D        | Gained mutation: Armour fits poorly on your strangely
                  | shaped body. [a neqoxec]
  2078 | D        | Reached skill level 1 in Shields
  2079 | D        | Gained mutation: You are frail. (-10% HP) [a neqoxec]
  2080 | D        | Gained mutation: You tend to lose your temper in combat. [a
                  | neqoxec]
  2081 | D        | Lost intelligence.
  2084 | D        | Gained mutation: You often lose your temper in combat. [a
                  | neqoxec]
  2090 | D        | Gained mutation: You are dopey. (Int -2) [a neqoxec]
  2091 | D        | Arena points: 8311 (+1800) [x15]
  2104 | D        | Bought 3 potions of mutation for 168 gold pieces
  2104 | D        | Lost mutation: You are dopey. (Int -2) [potion of mutation]
  2104 | D        | Lost mutation: Your muscles are strong. (Str +2) [potion of
                  | mutation]
  2104 | D        | Lost mutation: You are highly resistant to hostile
                  | enchantments. (MR++) [potion of mutation]
  2104 | D        | Lost mutation: You are partially covered in rugged brown
                  | scales. (AC +1, +3% HP) [potion of mutation]
  2104 | D        | Lost mutation: You often lose your temper in combat.
                  | [potion of mutation]
  2104 | D        | Gained mutation: Your spells are a little harder to cast,
                  | but a little more powerful. [potion of mutation]
  2105 | D        | Lost mutation: Your flesh is heat resistant. (rF+) [potion
                  | of mutation]
  2105 | D        | Lost mutation: You are frail. (-10% HP) [potion of
                  | mutation]
  2105 | D        | Gained mutation: You are highly resistant to hostile
                  | enchantments. (MR++) [potion of mutation]
  2105 | D        | Gained mutation: You are robust. (+10% HP) [potion of
                  | mutation]
  2106 | D        | Lost mutation: Armour fits poorly on your strangely shaped
                  | body. [potion of mutation]
  2106 | D        | Lost mutation: You tend to lose your temper in combat.
                  | [potion of mutation]
  2106 | D        | Lost mutation: You are robust. (+10% HP) [potion of
                  | mutation]
  2106 | D        | Lost mutation: Your spells are a little harder to cast, but
                  | a little more powerful. [potion of mutation]
  2106 | D        | Gained mutation: You tend to lose your temper in combat.
                  | [potion of mutation]
  2106 | D        | Lost mutation: You tend to lose your temper in combat.
                  | [potion of mutation]
  2106 | D        | Gained mutation: You are partially covered in molten
                  | scales. (AC +2) [potion of mutation]
  2143 | D        | Round 13.
  2149 | D        | Gained mutation: Your body sometimes deteriorates upon
                  | taking damage. [a shining eye]
  2155 | D        | Lost intelligence.
  2155 | D        | Gained mutation: You are dopey. (Int -2) [a shining eye]
  2167 | D        | Gained mutation: Your spells are a little easier to cast,
                  | but a little less powerful. [a shining eye]
  2169 | D        | Gained mutation: Armour fits poorly on your strangely
                  | shaped body. [a shining eye]
  2172 | D        | Gained mutation: You are frail. (-10% HP) [a shining eye]
  2173 | D        | Reached skill level 13 in Unarmed Combat
  2173 | D        | Gained mutation: Your spells are easier to cast, but less
                  | powerful. [a shining eye]
  2181 | D        | Gained mutation: You are very dopey. (Int -4) [a shining
                  | eye]
  2188 | D        | Gained mutation: You are very frail. (-20% HP) [a shining
                  | eye]
  2193 | D        | Gained mutation: You are extremely frail. (-30% HP) [a
                  | shining eye]
  2195 | D        | Gained mutation: Your magical capacity is low. (-10% MP) [a
                  | shining eye]
  2196 | D        | Gained mutation: Your body often deteriorates upon taking
                  | damage. [a shining eye]
  2196 | D        | Gained mutation: You occasionally shout uncontrollably at
                  | your foes. [a shining eye]
  2197 | D        | Gained mutation: You sometimes yell uncontrollably at your
                  | foes. [a shining eye]
  2198 | D        | Gained mutation: Scrolls take you a little longer to read.
                  | [a shining eye]
  2198 | D        | Gained mutation: You frequently scream uncontrollably at
                  | your foes. [a shining eye]
  2206 | D        | Gained mutation: Scrolls take you longer to read. [a
                  | shining eye]
  2214 | D        | Gained mutation: Your spells are much easier to cast, but
                  | much less powerful. [a shining eye]
  2216 | D        | Gained mutation: Your magical capacity is very low. (-20%
                  | MP) [a shining eye]
  2226 | D        | Gained mutation: You are weak. (Str -2) [a shining eye]
  2227 | D        | Gained mutation: You are very weak. (Str -4) [a shining
                  | eye]
  2229 | D        | Lost mutation: Armour fits poorly on your strangely shaped
                  | body. [a shining eye]
  2233 | D        | Arena points: 11015 (+2704) [x16]
  2248 | D        | Bought 3 potions of mutation for 168 gold pieces
  2249 | D        | Lost mutation: Scrolls take you longer to read. [potion of
                  | mutation]
  2249 | D        | Lost mutation: Your body often deteriorates upon taking
                  | damage. [potion of mutation]
  2249 | D        | Lost mutation: Scrolls take you a little longer to read.
                  | [potion of mutation]
  2249 | D        | Lost mutation: You are very dopey. (Int -4) [potion of
                  | mutation]
  2250 | D        | Lost mutation: You are extremely frail. (-30% HP) [potion
                  | of mutation]
  2250 | D        | Lost mutation: You are dopey. (Int -2) [potion of mutation]
  2250 | D        | Lost mutation: You are very weak. (Str -4) [potion of
                  | mutation]
  2251 | D        | Lost mutation: Your spells are much easier to cast, but
                  | much less powerful. [potion of mutation]
  2251 | D        | Lost mutation: You are weak. (Str -2) [potion of mutation]
  2251 | D        | Lost mutation: Your body sometimes deteriorates upon taking
                  | damage. [potion of mutation]
  2251 | D        | Lost mutation: You frequently scream uncontrollably at your
                  | foes. [potion of mutation]
  2251 | D        | Gained mutation: You are extremely resistant to the effects
                  | of hostile enchantments. (MR+++) [potion of mutation]
  2253 | D        | Bought 2 potions of mutation for 112 gold pieces
  2253 | D        | Lost mutation: You are very frail. (-20% HP) [potion of
                  | mutation]
  2253 | D        | Lost mutation: You sometimes yell uncontrollably at your
                  | foes. [potion of mutation]
  2253 | D        | Lost mutation: Your magical capacity is very low. (-20% MP)
                  | [potion of mutation]
  2253 | D        | Lost mutation: Your magical capacity is low. (-10% MP)
                  | [potion of mutation]
  2253 | D        | Gained mutation: Your flesh is cold resistant. (rC+)
                  | [potion of mutation]
  2253 | D        | Gained mutation: Your flesh is heat resistant. (rF+)
                  | [potion of mutation]
  2254 | D        | Lost mutation: You occasionally shout uncontrollably at
                  | your foes. [potion of mutation]
  2254 | D        | Lost mutation: You are partially covered in molten scales.
                  | (AC +2) [potion of mutation]
  2254 | D        | Lost mutation: Your spells are easier to cast, but less
                  | powerful. [potion of mutation]
  2254 | D        | Lost mutation: Your flesh is cold resistant. (rC+) [potion
                  | of mutation]
  2254 | D        | Gained mutation: You have a pair of small horns on your
                  | head. [potion of mutation]
  2262 | D        | Round 14.
  2281 | D        | Noticed a vampire mage
  2283 | D        | Noticed an ogre mage
  2286 | D        | Killed a vampire mage
  2289 | D        | Killed an ogre mage
  2289 | D        | Reached XP level 13. HP: 136/136 MP: 22/22
  2300 | D        | Reached skill level 5 in Shields
  2312 | D        | Reached skill level 14 in Unarmed Combat
  2321 | D        | Arena points: 13395 (+2380) [x17]
  2336 | D        | Round 15.
  2346 | D        | Noticed Agnes
  2369 | D        | Killed Agnes
  2369 | D        | Arena points: 16530 (+3135) [x19]
  2369 | D        | Reached skill level 15 in Invocations
  2372 | D        | Got a wavering bone ring
  2372 | D        | Got a mossy rune of Zot
  2373 | D        | Identified the ring "Yfait" {Str+7 Int-4 Stlth+} (You found
                  | it in the Dungeon)
  2374 | D        | Bought a scorched iron ring for 45 gold pieces
  2374 | D        | Bought a clouded golden ring for 45 gold pieces
  2374 | D        | Bought a serpentine ivory ring for 45 gold pieces
  2374 | D        | Bought a slimy ivory ring for 45 gold pieces
  2374 | D        | Bought a brightly glowing iron ring for 45 gold pieces
  2382 | D        | Bought 3 scrolls of identify for 150 gold pieces
  2382 | D        | Bought 3 scrolls of identify for 150 gold pieces
  2382 | D        | Identified the ring "Tianuamary" {rElec MR+} (You bought it
                  | in a shop in the Dungeon)
  2383 | D        | Identified the ring of the Fool {+Inv rC+ EV+2 Dex+3} (You
                  | bought it in a shop in the Dungeon)
  2384 | D        | Identified the cursed ring of Aviklu {rPois rF- rN+ Str-4
                  | Dex+5} (You bought it in a shop in the Dungeon)
  2385 | D        | Identified the ring of Peace {rElec Str+7 Stlth-} (You
                  | bought it in a shop in the Dungeon)
  2386 | D        | Identified the cursed ring "Cofurr" {rN+ EV-2 Slay+3} (You
                  | bought it in a shop in the Dungeon)
  2573 | D        | Round 16.
  2606 | D        | Reached XP level 14. HP: 104/145 MP: 24/24
  2634 | D        | Arena points: 20370 (+3840) [x20]
  2647 | D        | Bought 5 scrolls of blinking for 375 gold pieces
  2647 | D        | Bought 4 scrolls of enchant armour for 300 gold pieces
  2647 | D        | Bought 4 scrolls of enchant armour for 300 gold pieces
  2649 | D        | Round 17.
  2656 | D        | Bought 4 scrolls of enchant armour for 300 gold pieces
  2670 | D        | Noticed a shadow dragon
  2674 | D        | Noticed a storm dragon
  2682 | D        | Killed a shadow dragon
  2682 | D        | Reached skill level 15 in Unarmed Combat
  2687 | D        | Noticed a storm dragon
  2698 | D        | Killed a storm dragon
  2702 | D        | Killed a storm dragon
  2702 | D        | Reached skill level 10 in Armour
  2768 | D        | Noticed a golden dragon
  2768 | D        | Noticed Xtahua
  2768 | D        | Noticed a golden dragon
  2768 | D        | Noticed a golden dragon
  2769 | D        | Noticed a storm dragon
  2769 | D        | Noticed a storm dragon
  2774 | D        | Killed a golden dragon
  2774 | D        | Killed a golden dragon
  2774 | D        | Killed Xtahua
  2774 | D        | Reached skill level 10 in Shields
  2774 | D        | Reached skill level 16 in Unarmed Combat
  2774 | D        | Reached XP level 15. HP: 110/156 MP: 21/26
  2778 | D        | Killed a storm dragon
  2784 | D        | Killed a golden dragon
  2789 | D        | Killed a storm dragon
  2789 | D        | Arena points: 25725 (+5355) [x21]
  2840 | D        | Round 18.
  2884 | D        | Noticed an iron dragon
  2895 | D        | Noticed a quicksilver dragon
  2899 | D        | Killed an iron dragon
  2915 | D        | Killed a quicksilver dragon
  2929 | D        | Reached skill level 17 in Unarmed Combat
  3005 | D        | Arena points: 32457 (+6732) [x22]
  3023 | D        | Bought 3 potions of heal wounds for 105 gold pieces
  3023 | D        | Bought 3 potions of heal wounds for 105 gold pieces
  3023 | D        | Bought 3 potions of heal wounds for 105 gold pieces
  3024 | D        | Bought 3 potions of experience for 900 gold pieces
  3024 | D        | Reached XP level 16. HP: 166/166 MP: 27/27
  3034 | D        | Bought 5 potions of haste for 350 gold pieces
  3035 | D        | Bought 6 potions of magic for 336 gold pieces
  3036 | D        | Round 19.
  3098 | D        | Reached skill level 15 in Dodging
  3147 | D        | Bought 4 scrolls of enchant armour for 300 gold pieces
  3166 | D        | Arena points: 38138 (+5681) [x23]
  3179 | D        | Bought a translucent cloak for 332 gold pieces
  3179 | D        | Identified the +2 cloak of Vanity {+Inv rPois rCorr Dex-4}
                  | (You bought it in a shop in the Dungeon)
  3193 | D        | Round 20.
  3212 | D        | Noticed a vault guard captain
  3314 | D        | Killed a vault guard captain
  3314 | D        | Arena points: 44138 (+6000) [x25]
  3314 | D        | Reached skill level 18 in Unarmed Combat
  3317 | D        | Got a silver rune of Zot
  3324 | D        | Reached XP level 17. HP: 106/176 MP: 29/29
  3325 | D        | Reached XP level 18. HP: 111/184 MP: 30/30
  3326 | D        | Reached XP level 19. HP: 116/192 MP: 31/31
  3525 | D        | Round 21.
  3525 | D        | Noticed Ignacio
  3528 | D        | Reached XP level 20. HP: 200/200 MP: 32/32
  3545 | D        | Killed Ignacio
  3561 | D        | Reached skill level 19 in Unarmed Combat
  3696 | D        | Reached skill level 15 in Armour
  3702 | D        | Arena points: 51236 (+7098) [x26]
  3738 | D        | Round 22.
  3747 | D        | Noticed Nellie
  3768 | D        | Bought 3 potions of heal wounds for 105 gold pieces
  3768 | D        | Bought 3 potions of heal wounds for 105 gold pieces
  3768 | D        | Bought 3 potions of heal wounds for 105 gold pieces
  3787 | D        | Killed Nellie
  3787 | D        | Reached skill level 20 in Unarmed Combat
  3892 | D        | Arena points: 61334 (+10098) [x27]
  3906 | D        | Bought a quad damage for 400 gold pieces
  3962 | D        | Round 23.
  3999 | D        | Noticed a golden dragon
  4035 | D        | Killed a golden dragon
  4035 | D        | Reached skill level 21 in Unarmed Combat
  4069 | D        | Noticed a golden dragon
  4077 | D        | Killed a golden dragon
  4087 | D        | Noticed a golden dragon
  4100 | D        | Killed a golden dragon
  4115 | D        | Noticed a golden dragon
  4135 | D        | Killed a golden dragon
  4140 | D        | Arena points: 74214 (+12880) [x28]
  4165 | D        | Bought 3 potions of heal wounds for 105 gold pieces
  4165 | D        | Bought 3 potions of heal wounds for 105 gold pieces
  4165 | D        | Bought 3 potions of heal wounds for 105 gold pieces
  4165 | D        | Bought 3 potions of heal wounds for 105 gold pieces
  4205 | D        | Round 24.
  4252 | D        | Reached skill level 22 in Unarmed Combat
  4371 | D        | Arena points: 86742 (+12528) [x29]
  4412 | D        | Round 25.
  4439 | D        | Arena points: 98367 (+11625) [x31]
  4442 | D        | Got a slimy rune of Zot
  4443 | D        | Reached XP level 21. HP: 218/218 MP: 34/34
  4605 | D        | Round 26.
  4607 | D        | Noticed an orb of fire
  4619 | D        | Reached XP level 22. HP: 191/227 MP: 35/35
  4620 | D        | Gained mutation: Potions are less effective at restoring
                  | your health. [an orb of fire]
  4621 | D        | Reached skill level 23 in Unarmed Combat
  4621 | D        | Gained mutation: You occasionally shout uncontrollably at
                  | your foes. [an orb of fire]
  4628 | D        | Gained mutation: Scrolls take you a little longer to read.
                  | [an orb of fire]
  4631 | D        | Killed an orb of fire
  4658 | D        | Arena points: 113343 (+14976) [x32]
  4673 | D        | Bought a potion of mutation for 56 gold pieces
  4673 | D        | Lost mutation: Potions are less effective at restoring your
                  | health. [potion of mutation]
  4673 | D        | Lost mutation: You are extremely resistant to the effects
                  | of hostile enchantments. (MR+++) [potion of mutation]
  4673 | D        | Gained mutation: You are weak. (Str -2) [potion of
                  | mutation]
  4673 | D        | Lost mutation: Scrolls take you a little longer to read.
                  | [potion of mutation]
  4673 | D        | Gained mutation: Your system is resistant to poisons.
                  | (rPois) [potion of mutation]
  4675 | D        | Bought a potion of mutation for 56 gold pieces
  4675 | D        | Bought a potion of mutation for 56 gold pieces
  4675 | D        | Lost mutation: You are weak. (Str -2) [potion of mutation]
  4675 | D        | Lost mutation: Your system is resistant to poisons. (rPois)
                  | [potion of mutation]
  4675 | D        | Lost mutation: You occasionally shout uncontrollably at
                  | your foes. [potion of mutation]
  4675 | D        | Gained mutation: You possess an exceptional clarity of
                  | mind. [potion of mutation]
  4675 | D        | Gained mutation: Your flesh is cold resistant. (rC+)
                  | [potion of mutation]
  4698 | D        | Round 27.
  4705 | D        | Identified the +4 dragonskin cloak
  4705 | D        | Noticed Tiamat
  4728 | D        | Killed Tiamat
  4731 | D        | Noticed a Killer Klown
  4739 | D        | Reached skill level 24 in Unarmed Combat
  4747 | D        | Killed a Killer Klown
  4768 | D        | Noticed a Killer Klown
  4789 | D        | Killed a Killer Klown
  4790 | D        | Noticed a golden dragon
  4798 | D        | Killed a golden dragon
  4809 | D        | Reached skill level 25 in Unarmed Combat
  4824 | D        | Noticed an orb of fire
  4827 | D        | Gained mutation: Your magical capacity is low. (-10% MP)
                  | [an orb of fire]
  4841 | D        | Killed an orb of fire
  4842 | D        | Noticed an orb of fire
  4853 | D        | Killed an orb of fire
  4866 | D        | Arena points: 131163 (+17820) [x33]
  4871 | D        | Got the Orb of Zot
  4873 | D        | Escaped with the Orb!

Skill      XL: |  1  2  3  4  5  6  7  8  9 10 11 12 13 14 15 16 17 18 19 20 21 22 |
---------------+-------------------------------------------------------------------+-----
Fighting       | 3 5 7 8 10 12 14 15 16 17 18 21 24 | 24.1
Dodging        | 3 4 5 6 7 8 10 11 12 13 14 15 19 22 | 22.3
Unarmed Combat | 4 5 7 9 10 11 12 13 14 16 17 18 22 25 | 25.7
Invocations    | 1 2 3 5 7 9 10 12 14 15 16 17 18 21 24 | 24.7
Armour         | 4 7 9 11 12 13 17 18 21 | 21.2
Shields        | 4 7 10 11 13 14 | 14.9
Stealth        | |  1.0

Action                   |  1- 3 |  4- 6 |  7- 9 | 10-12 | 13-15 | 16-18 | 19-21 | 22-24 || total
-------------------------+-------+-------+-------+-------+-------+-------+-------+-------++-------
Melee: Unarmed           |    26 |    23 |    37 |   205 |   182 |   122 |   286 |   105 ||   986
       Punch             |       |       |     3 |    13 |       |       |       |       ||    16
       Headbutt          |       |       |       |     2 |    87 |    51 |   126 |    39 ||   305
Invok: Elemental Force   |       |     2 |     1 |     3 |     4 |     3 |     4 |       ||    17
       Disaster Area     |       |       |       |     3 |     6 |     1 |     8 |     3 ||    21
       Upheaval          |       |       |       |       |       |       |     1 |       ||     1
  Use: Potion            |       |       |     1 |    12 |     5 |     6 |    17 |     7 ||    48
       Scroll            |       |       |       |     1 |    18 |     1 |       |       ||    20
 Stab: Distracted        |       |       |       |       |     2 |     3 |       |       ||     5
  Eat: Ration            |       |     1 |       |     2 |     1 |       |     3 |       ||     7
       Chunk             |       |       |     9 |     1 |     5 |       |     3 |       ||    18
Armor: Robe              |    11 |     3 |    13 |     6 |       |       |       |       ||    33
       Gold dragon scale |       |       |       |    61 |    90 |    30 |   297 |    12 ||   490
Dodge: Dodged            |    17 |    11 |    19 |    70 |    29 |     4 |   168 |    16 ||   334
       Deflected         |       |       |       |     1 |     8 |     2 |     3 |     3 ||    17
Block: Other             |     1 |     6 |    12 |    52 |       |       |       |       ||    71
       Shield            |       |       |       |    20 |   182 |    60 |   444 |    71 ||   777
